 Dungeon Sprint DCSS version 0.27.1-34-g3ba077fa99 (webtiles) character file.

Game seed: 16655066033488178535

4221 boopmooplesden the Basher (level 10, -6/102 HPs)
             Began as a Minotaur Fighter on Jan 18, 2022.
             Was an Initiate of Okawaru.
             Mangled by a tentacle (10 damage)
             ... attached to a kraken
             ... in the Dungeon (Sprint II: "The Violet Keep of Menkaure").
             The game lasted 00:04:15 (1369 turns).

boopmooplesden the Basher (Minotaur Fighter)        Turns: 1369, Time: 00:04:15

Health: -6/102     AC:  9    Str: 26    XL:     10   Next: 9%
Magic:  17/17      EV: 12    Int:  5    God:    Okawaru [......]
Gold:   499        SH: 14    Dex: 13    Spells: 9/9 levels left

rFire    . . .     SeeInvis .   m - +2 whip "Fuamehem" {venom, rN++ Str+3 Dex+2}
rCold    + . .     Faith    .   c - +0 kite shield
rNeg     + + .     Spirit   .   k - +0 ring mail of Vurchoku {rC+ MP+9}
rPois    .         Reflect  .   (helmet restricted)
rElec    .         Harm     .   (no cloak)
rCorr    .         Rampage  .   (no gloves)
Will     .....     Rnd*Rage +   l - +0 pair of boots Stlth +.........NoTele +
                                (no amulet)
HPRegen  0.27/turn              (no ring)
MPRegen  0.15/turn              (no ring)

@: on berserk cooldown, slowed, very slow
A: horns 2, retaliatory headbutt, berserk 2, low mp 1, no potion heal 1, subdued
magic 1
a: Renounce Religion


You were in the Dungeon.
You worshipped Okawaru.
Okawaru was noncommittal.
You visited 1 branch You collected 1053 gold pieces.
You spent 554 gold pieces at shops.

Inventory:

Hand Weapons
 a - a +0 flail
 m - the +2 whip "Fuamehem" (weapon) {venom, rN++ Str+3 Dex+2}
   (You bought it in a shop in the Dungeon)

   It poisons the flesh of those it strikes.
   Str:       It affects your strength (+3).
   Dex:       It affects your dexterity (+2).
   rN:        It greatly protects you from negative energy.
Armour
 b - a +0 scale mail
 c - a +0 kite shield (worn)
 k - the +0 ring mail of Vurchoku (worn) {rC+ MP+9}
   (You bought it in a shop in the Dungeon)

   rC:        It protects you from cold.
   MP:        It affects your magic capacity (+9).
 l - a +0 pair of boots (worn)
Scrolls
 j - a scroll of blinking
Potions
 d - 2 potions of brilliance {unknown}
 e - a potion of curing
 h - 2 potions of magic


   Skills:
 + Level 13.7 Fighting
 + Level 14.7 Maces & Flails
 + Level 13.4 Armour
 + Level 5.1 Dodging
 + Level 2.1 Stealth
 + Level 13.2 Shields


You had 9 spell levels left.
You didn't know any spells.
Your spell library was empty.

Dungeon Overview and Level Annotations

Branches:
Dungeon (1/1)

Altars:
Cheibriados
Dithmenos
Elyvilon
Fedhas
Gozag
Hepliaklqana
Kikubaaqudgha
Makhleb
Nemelex Xobeh
Okawaru
Qazlal
Ru
Sif Muna
Trog
Uskayaw
Vehumet
Wu Jian
Xom
Yredelemnul
Zin
The Shining One
Beogh
Jiyva
Lugonu

Shops:
D ?=:([!((*:[=?[!

Annotations:
D exclusion: oklob plant


Innate Abilities, Weirdness & Mutations

You have a pair of horns on your head.
You reflexively headbutt those who attack you in melee.
You often lose your temper in combat.
Your magical capacity is low. (-10% MP)
Potions are less effective at restoring your health.
Your spells are a little easier to cast, but a little less powerful.


Message History

* * * LOW HITPOINT WARNING * * *
You hit the tentacle.
The tentacle looks as sick as possible!
Your headbutt misses the tentacle.
The tentacle is almost dead.
You kill the tentacle!
Your unstable footing causes you to fumble your attack.
The tentacle barely misses you.
You hit the tentacle but do no damage.
The tentacle is poisoned.
You headbutt the tentacle, but do no damage.
You block the tentacle's attack.
A red film seems to cover your vision as you go berserk!
You feel yourself moving faster!
You feel mighty!
Your unstable footing causes you to fumble your attack.
The tentacle closely misses you.
A tentacle rises from the water!
You whack the tentacle!
The tentacle looks as sick as possible!
You headbutt the tentacle!
The tentacle is severely wounded.
The tentacle slaps you!!
* * * LOW HITPOINT WARNING * * *
The tentacle slaps you!
* * * LOW HITPOINT WARNING * * *
You block the tentacle's attack.
Your unstable footing causes you to fumble your attack.
You whack the tentacle!
The tentacle looks as sick as possible!
The tentacle is almost dead.
The tentacle closely misses you. You furiously retaliate!
You headbutt the tentacle!!
You kill the tentacle!
You block the tentacle's attack.
You feel a strong urge to attack something.
The tentacle slaps you but does no damage.
A tentacle segment comes into view.
You enter the shallow water.
Moving in this stuff is going to be slow.
You block the tentacle's attack. The tentacle closely misses you.
A tentacle rises from the water!
You feel your anger nearly subside.
You are no longer berserk.
You are exhausted.
You feel yourself slow down. The tentacle slaps you!
You die...

# +.##. )▓)$?))$$$▓▓ #
...####▓(!([!")[▓▓ ##
#..##.#▓(?!?!($?▓▓ .#
+..#..#▓[[[?)($$▓▓ .#
#..#..#▓))($?[$)▓▓
.####..##.#▓$(?(($!=▓▓
...###.^.##▓▓▓▓▓▓▓Λ▓▓▓▓+▓
.....≈≈≈≈≈≈÷≈≈≈≈@w.──Xw≈▓
.....≈#'########'###.ww≈▓
≈≈≈..≈#)._.....#≈≈§##≈≈≈▓
≈§≈≈.≈#._._....#§§§§####▓
§≈§≈≈≈#_._._...#§≈§≈§#
§§§≈§≈#._._._..#§§§§§§#
≈≈§≈§≈#_._._._.#≈≈≈§§§+
≈###≈§#._._._._#§§§≈§≈# ≈
#§≈#_._._._.#≈§§§§≈


You could see a kraken and 4 tentacles.

Vanquished Creatures
  2 boulder beetles (D)
  A yaktaur (D)
  A hornet (D)
  3 polar bears (D)
  4 neqoxecs (D)
  A vampire mosquito (D)
  Menkaure (D)
  5 water moccasins (D)
  4 necrophages (D)
  4 scorpions (D)
  4 tentacles (D)
30 creatures vanquished.

Vanquished Creatures (others)
  3 tentacles (D)
3 creatures vanquished.

Grand Total: 33 creatures vanquished

Notes
Turn   | Place    | Note
-------+----------+-------------------------------------------
     0 | D        | boopmooplesden the Minotaur Fighter began the quest for the
                  | Orb.
     0 | D        | Reached XP level 1. HP: 19/19 MP: 0/0
     1 | D        | Noticed a neqoxec
     1 | D        | Noticed a neqoxec
     1 | D        | Noticed a neqoxec
     1 | D        | Noticed a neqoxec
     2 | D        | Gained mutation: You tend to lose your temper in combat. [a
                  | neqoxec]
     7 | D        | Killed a neqoxec
     7 | D        | Gained mutation: Your magical capacity is low. (-10% MP) [a
                  | neqoxec]
     8 | D        | Reached skill level 5 in Maces & Flails
     8 | D        | Reached XP level 2. HP: 19/34 MP: 0/0
     8 | D        | Reached XP level 3. HP: 21/39 MP: 1/1
     8 | D        | Reached XP level 4. HP: 26/47 MP: 2/2
    10 | D        | Killed a neqoxec
    11 | D        | Reached skill level 6 in Maces & Flails
    11 | D        | Reached XP level 5. HP: 17/56 MP: 3/3
    11 | D        | Gained mutation: You often lose your temper in combat. [a
                  | neqoxec]
    11 | D        | Gained mutation: Potions are less effective at restoring
                  | your health. [a neqoxec]
    14 | D        | Noticed Menkaure
    15 | D        | Gained mutation: Your spells are a little easier to cast,
                  | but a little less powerful. [a neqoxec]
    18 | D        | Killed a neqoxec
    19 | D        | Reached skill level 7 in Maces & Flails
    19 | D        | Reached XP level 6. HP: 22/66 MP: 4/4
    20 | D        | Killed Menkaure
    21 | D        | Reached skill level 10 in Armour
    23 | D        | Killed a neqoxec
    24 | D        | Reached skill level 10 in Fighting
    24 | D        | Reached skill level 8 in Maces & Flails
    24 | D        | Reached XP level 7. HP: 18/73 MP: 5/5
   110 | D        | Reached skill level 10 in Shields
   275 | D        | Reached skill level 9 in Maces & Flails
   275 | D        | Reached skill level 1 in Dodging
   298 | D        | Reached XP level 8. HP: 70/82 MP: 6/6
   309 | D        | Noticed a boulder beetle
   309 | D        | Noticed a boulder beetle
   318 | D        | Reached skill level 10 in Maces & Flails
   426 | D        | Found Uxan's Antique Armour Shop.
   426 | D        | Found Mokhegue's Book Boutique.
   426 | D        | Found Kithreh's Distillery.
   426 | D        | Found Wataffem's Antique Armour Boutique.
   426 | D        | Found Iloommic's Magic Scroll Boutique.
   427 | D        | Found Dutusch's Jewellery Shop.
   427 | D        | Found Refrot's Assorted Antiques.
   427 | D        | Found Sezuad's Antique Weapon Shop.
   428 | D        | Found Sevvum's Weapon Shop.
   428 | D        | Found Rymaat's Distillery.
   449 | D        | Found Semesk's Armour Boutique.
   449 | D        | Found Yzunaub's Weapon Shop.
   449 | D        | Noticed a fire dragon
   449 | D        | Noticed an oklob plant
   450 | D        | Found Soanyegu's Jewellery Shop.
   450 | D        | Found Orog's Magic Scroll Boutique.
   450 | D        | Found Miblot's Book Shoppe.
   455 | D        | Reached skill level 11 in Maces & Flails
   464 | D        | Bought a crude ring mail for 225 gold pieces
   464 | D        | Identified the +0 ring mail of Vurchoku {rC+ MP+9} (You
                  | bought it in a shop in the Dungeon)
   464 | D        | Bought a pair of boots for 112 gold pieces
   481 | D        | Bought a jewelled whip for 217 gold pieces
   481 | D        | Identified the +2 whip "Fuamehem" {venom, rN++ Str+3 Dex+2}
                  | (You bought it in a shop in the Dungeon)
   583 | D        | Killed a boulder beetle
   584 | D        | Reached skill level 12 in Maces & Flails
   584 | D        | Reached XP level 9. HP: 50/92 MP: 7/7
   607 | D        | Killed a boulder beetle
   608 | D        | Reached skill level 13 in Maces & Flails
   608 | D        | Reached skill level 1 in Stealth
   644 | D        | Found a stormy altar of Qazlal.
   644 | D        | Found an ornate altar of the Wu Jian Council.
   645 | D        | Found a hazy altar of Hepliaklqana.
   645 | D        | Found a sacrificial altar of Ru.
   646 | D        | Found a viscous altar of Jiyva.
   646 | D        | Found a shimmering blue altar of Sif Muna.
   646 | D        | Found a shimmering altar of Xom.
   647 | D        | Found a snail-covered altar of Cheibriados.
   647 | D        | Found an ancient bone altar of Kikubaaqudgha.
   647 | D        | Found a bloodstained altar of Trog.
   647 | D        | Found a glowing golden altar of the Shining One.
   647 | D        | Found a basalt altar of Yredelemnul.
   648 | D        | Found a shadowy altar of Dithmenos.
   648 | D        | Found a corrupted altar of Lugonu.
   648 | D        | Found a hide-covered altar of Uskayaw.
   649 | D        | Found a white marble altar of Elyvilon.
   649 | D        | Found a burning altar of Makhleb.
   650 | D        | Found a blossoming altar of Fedhas.
   652 | D        | Found an opulent altar of Gozag.
   652 | D        | Found a sparkling altar of Nemelex Xobeh.
   652 | D        | Noticed a polar bear
   653 | D        | Found a glowing silver altar of Zin.
   653 | D        | Found a radiant altar of Vehumet.
   653 | D        | Found an iron altar of Okawaru.
   653 | D        | Noticed a yaktaur
   653 | D        | Noticed a polar bear
   654 | D        | Noticed a polar bear
   665 | D        | Killed a polar bear
   669 | D        | Killed a yaktaur
   670 | D        | Reached skill level 14 in Maces & Flails
   675 | D        | Killed a polar bear
   686 | D        | Killed a polar bear
   687 | D        | Reached XP level 10. HP: 38/101 MP: 8/8
   694 | D        | Became a worshipper of Warmaster Okawaru
   946 | D        | Noticed a kraken
   963 | D        | Reached skill level 5 in Dodging
  1363 | D        | HP: 4/153 [tentacle[a kraken] (14)]
  1369 | D        | Mangled by a tentacle

Illustrated notes

Levels and vault maps discovered:
D:        the_violet_keep_of_menkaure [sprint2_stairs_cluster_1,
          sprint2_shoproom, sprint2_temple, sprint2_basic_supplies,
          sprint2_obstacle_3, sprint2_obstacle_5, sprint2_obstacle_1,
          sprint2_obstacle_4, sprint2_obstacle_7, sprint2_timed_cluster_1,
          sprint2_smallroom_cluster_1, sprint2_smallroom_final_cluster_1,
          sprint2_transparent_cluster_1, sprint2_second_timed_cluster_1,
          sprint2_sniper_area_1, sprint2_heavy_combat_area_1,
          sprint2_mutation_trap_area_1, sprint2_forest_area_1,
          sprint2_light_combat_area_1, sprint2_behind_water_1,
          sprint2_near_end_vault_1]

Skill      XL: |  1  2  3  4  5  6  7  8  9 10 |
---------------+-------------------------------+-----
Fighting       | 7 8 9 10 11 12 13 | 13.7
Maces & Flails | 5 6 7 8 9 12 14 | 14.7
Armour         | 7 8 9 10 11 12 13 | 13.4
Shields        | 6 8 9 10 11 13 | 13.2
Dodging        | 1 3 4 5 |  5.1
Stealth        | 2 |  2.1

Action                   |  1- 3 |  4- 6 |  7- 9 | 10-12 || total
-------------------------+-------+-------+-------+-------++-------
Melee: Flail             |     5 |    16 |    52 |       ||    73
       Headbutt          |       |     3 |    31 |    11 ||    45
       Whip              |       |       |    53 |    66 ||   119
  Use: Potion            |     1 |       |     3 |       ||     4
Armor: Scale mail        |     1 |     1 |    16 |       ||    18
       Ring mail         |       |       |    10 |     6 ||    16
Dodge: Dodged            |     2 |     5 |    23 |    16 ||    46
Block: Kite shield       |     1 |     4 |    46 |    25 ||    76
